 Dungeon Sprint DCSS version 0.21.1-1-g345015f (webtiles) character file.

77 Fang the Chopper (level 4, -2/45 HPs)
             Began as a Minotaur Berserker on Apr 23, 2018.
             Was a Believer of Trog.
             Slain by a water elemental (17 damage)
             ... in the Dungeon (Sprint III: "The Ten Rune Challenge").
             The game lasted 00:00:47 (396 turns).

Fang the Chopper (Minotaur Berserker)                Turns: 396, Time: 00:00:48

Health: -2/45      AC:  2    Str: 22    XL:     4   Next: 14%
Magic:  3/3        EV: 13    Int:  4    God:    Trog [**....]
Gold:   21         SH:  0    Dex: 10    Spells: 3/3 levels left

rFire    . . .     SeeInvis .   j - +2 quarterstaff (chaos)
rCold    . . .     Gourm    .   (shield currently unavailable)
rNeg     . . .     Faith    .   b - +0 animal skin
rPois    .         Spirit   .   (helmet restricted)
rElec    .         Reflect  .   (no cloak)
rCorr    .         Harm     .   (no gloves)
MR       .....     NoTele   +   (no boots)
Stlth    +.........             (no amulet)
HPRegen  0.15/turn              (no ring)
MPRegen  0.08/turn              (no ring)

@: no status effects
A: retaliatory headbutt, horns 2
a: Berserk, Trog's Hand, Burn Spellbooks, Renounce Religion


You were in the Dungeon.
You worshipped Trog.
Trog was pleased with you.
You were not hungry.

You visited 1 branch You collected 21 gold pieces.

Inventory:

Hand Weapons
 a - a +0 hand axe
 j - a +2 quarterstaff of chaos (weapon)
Armour
 b - a +0 animal skin (worn)
Scrolls
 i - a scroll of blinking
 m - a scroll of holy word {unknown}
 n - 3 scrolls of identify
 o - 2 scrolls of remove curse {unknown}
 q - a scroll of immolation {unknown}
Potions
 d - a potion of curing
 e - a potion of heal wounds
 f - a potion of haste
 g - 2 potions of magic
 h - a potion of berserk rage
 k - a potion of brilliance {unknown}
 p - 3 potions of flight
Comestibles
 c - 3 rations
 l - a chunk of flesh


   Skills:
 + Level 6.9 Fighting
 + Level 7.2 Axes
 + Level 3.8 Armour
 + Level 3.5 Dodging
 + Level 0.9 Stealth


You had 3 spell levels left.
You didn't know any spells.

Dungeon Overview and Level Annotations

Branches:
Dungeon (1/1)

Altars:


Innate Abilities, Weirdness & Mutations

You reflexively headbutt those who attack you in melee.
You have a pair of horns on your head.


Message History

You hit the water elemental.
The water elemental flickers and vanishes!
Deactivating autopickup; reactivate with Ctrl-A.
Something hits you! Something engulfs you in water!
No target in view!
No target in view!
No target in view!
No target in view!
No target in view!
No target in view!
No target in view!
No target in view!
No target in view!
No target in view!
No target in view!
With effort, you pull free of the water engulfing you.
You gasp with relief as air once again reaches your lungs.
Something hits you!
You hit something. Something hits you!
You die...

▓▓▓▓▓▓ ▓▓▓ .#[..####
##.# .#......#####..#
##.....).#!!#..#
.##.##...#..#..###+#+###
.##.###..##'#..#........
####.##..###...'@⌠......
##..##..####...#{..#####
....##..###....#.⌠.#
#..##...##.....#...#
÷.##....#..[...#+###
.###..##.#.....# .#
#..#####....# ▓▓ ▓▓▓▓
▓▓▓▓▓▓


There were no monsters in sight!

Vanquished Creatures
  Crazy Yiuf (D)
  Jessica (D)
  A human (D)
  An ooze (D)
  A rat (D)
5 creatures vanquished.

Vanquished Creatures (others)
  2 draconian scorchers (D)
  A yaktaur (D)
  6 hellions (D)
  2 plants (D)
11 creatures vanquished.

Grand Total: 16 creatures vanquished

Notes
Turn   | Place    | Note
-------+----------+-------------------------------------------
     0 | D        | Fang the Minotaur Berserker began the quest for the Orb.
     0 | D        | Reached XP level 1. HP: 19/19 MP: 0/0
     8 | D        | Reached skill level 4 in Axes
    27 | D        | Noticed Jessica
    34 | D        | Killed Jessica
    34 | D        | Reached ** piety under Trog
    34 | D        | Reached skill level 5 in Fighting
    34 | D        | Reached skill level 6 in Axes
    34 | D        | Reached XP level 2. HP: 10/30 MP: 1/1
    34 | D        | Reached XP level 3. HP: 12/37 MP: 2/2
    84 | D        | Killed a yaktaur
   101 | D        | Killed a hellion
   129 | D        | Killed a hellion
   130 | D        | Killed a hellion
   133 | D        | Killed a hellion
   133 | D        | Killed a white draconian scorcher
   153 | D        | Killed a hellion
   162 | D        | Killed a hellion
   319 | D        | Noticed Crazy Yiuf
   325 | D        | Killed Crazy Yiuf
   332 | D        | Reached skill level 7 in Axes
   332 | D        | Reached XP level 4. HP: 45/45 MP: 3/3
   346 | D        | Killed a white draconian scorcher
   390 | D        | Noticed a water elemental
   396 | D        | Slain by a water elemental

Skill      XL: |  1  2  3 |
---------------+----------+-----
Fighting       | 5 6 |  6.9
Axes           | 6 7 |  7.2
Armour         | 3 |  3.8
Dodging        | 3 |  3.5
Stealth        | |  0.9

Action                   |  1- 3 |  4- 6 || total
-------------------------+-------+-------++-------
Melee: Hand axe          |    18 |       ||    18
       Headbutt          |     1 |     1 ||     2
       Quarterstaff      |       |     4 ||     4
 Stab: Sleeping          |     1 |       ||     1
Armor: Animal skin       |     1 |       ||     1
Dodge: Dodged            |    10 |     4 ||    14
